 Dungeon Crawl Stone Soup version 0.26-a0-652-gafc20e3620 (webtiles) character file.

Game seed: 4251337219418977138

277 DogServant the Digger (level 6, -4/33 HPs)
             Began as a Gargoyle Earth Elementalist on Oct 1, 2020.
             Slain by a gnoll
             ... wielding a +0 short sword
              (5 damage)
             ... on level 3 of the Dungeon.
             The game lasted 00:06:28 (2651 turns).

DogServant the Digger (Gargoyle Earth Elementalist) Turns: 2651, Time: 00:06:30

Health: -4/33      AC:  7    Str: 12    XL:     6   Next: 25%
Magic:  6/12       EV: 12    Int: 17    God:
Gold:   149        SH:  0    Dex: 10    Spells: 3/13 levels left

rFire    + . .     SeeInvis .   l - +1 whip
rCold    . . .     Faith    .   (no shield)
rNeg     + . .     Spirit   .   c - +0 robe
rPois    ∞         Reflect  .   d - +0 helmet
rElec    +         Harm     .   (no cloak)
rCorr    .         Rampage  .   (no gloves)
MR       .....                  (no boots)
Stlth    ++........             (no amulet)
HPRegen  0.11/turn              (no ring)
MPRegen  0.13/turn              (no ring)

@: no status effects
A: fire resistance 1, negative energy resistance 1, electricity resistance,
unbreathing, petrification resistance, rot immunity, AC +4
a: no special abilities


You were on level 3 of the Dungeon.
You visited 1 branch of the dungeon, and saw 3 of its levels.

You collected 149 gold pieces.

Inventory:

Hand Weapons
 l - a +1 whip (weapon)
Missiles
 b - 41 stones (quivered)
Armour
 c - a +0 robe (worn)
 d - a +0 helmet (worn)
 k - a +0 buckler
Scrolls
 a - 3 scrolls of identify
 f - 2 scrolls of amnesia
Potions
 g - a potion of stabbing {unknown}
 h - a potion of brilliance


   Skills:
 + Level 0.5 Fighting
 + Level 0.5 Armour
 - Level 1.5 Dodging
 - Level 2.1 Stealth
 + Level 0.2 Shields
 - Level 4.2 Spellcasting
 - Level 0.7 Transmutations
 + Level 6.2 Earth Magic


You had 3 spell levels left.
You knew the following spells:

 Your Spells              Type           Power        Failure   Level
a - Sandblast             Erth           ###...       1%          1
b - Passwall              Tmut/Erth      ###.....     5%          2
c - Stone Arrow           Conj/Erth      ##....       13%         3
d - Petrify               Tmut/Erth      ###.....     36%         4

Your spell library contained the following spells:

 Spells                   Type           Power        Failure   Level
 Lee's Rapid Deconstruct  Erth           ###.......   32%         5


Dungeon Overview and Level Annotations

Branches:
Dungeon (3/15)

Altars:
Elyvilon

Annotations:
D:3 Terence


Innate Abilities, Weirdness & Mutations

You are resistant to torment.
Your stone body is resilient. (AC +4)
You are immune to poison.
You resist negative energy. (rN+)
You are resistant to electric shocks. (rElec)
You can survive without breathing.
You are immune to petrification.
You are immune to rotting.
Your flesh is heat resistant. (rF+)


Message History

Okay, then.
The gnoll hits you with a +0 short sword.
The adder closely misses you.
Terence hits you with a +3 falchion of freezing.
Terence freezes you.
Casting: Stone Arrow (quite dangerous; 13% risk of failure)
Confirm with . or Enter, or press ? or * to list all spells.
Press: ? - help, Dir - move target cursor You can't see that place. [a rock wall.]
The adder bites you but does no damage. The gnoll barely misses you.
Terence hits you with a +3 falchion of freezing.
* * * LOW HITPOINT WARNING * * *
Terence freezes you.
* * * LOW HITPOINT WARNING * * *
The adder bites you.
* * * LOW HITPOINT WARNING * * *
You begin to meditate on the wall.
You continue meditating on the rock.
The gnoll hits you with a +0 short sword.
You die...

###### # #.@..# . #@##.#
. #Sg..# . ###.##..### .
.. #.......#
#.##.#.###.######.
#####..#.#............
#........#......####.#.#
#......#.##.#...........
#...............##....###


You could see Terence (inner flame), a gnoll (inner flame) and an adder (inner
flame).

Vanquished Creatures
  Sigmund (D:2)
  Natasha (D:3)
  3 adders (D:2)
  3 gnolls (D:3)
  3 dart slugs (D:2)
  A leopard gecko (D:2)
  An orc (D:3)
  4 giant cockroaches (D:2)
  2 goblins
  6 hobgoblins
  3 kobolds
  A quokka (D:2)
  A bat (D:1)
  A frilled lizard (D:2)
  3 rats (D:2)
34 creatures vanquished.

Notes
Turn   | Place    | Note
-------+----------+-------------------------------------------
     0 | D:1      | DogServant the Gargoyle Earth Elementalist began the quest
                  | for the Orb.
     0 | D:1      | Reached XP level 1. HP: 10/10 MP: 3/3
   932 | D:2      | Reached skill level 4 in Earth Magic
   932 | D:2      | Reached XP level 2. HP: 15/15 MP: 1/5
  1083 | D:2      | Found a white marble altar of Elyvilon.
  1111 | D:2      | Reached XP level 3. HP: 19/19 MP: 4/7
  1601 | D:2      | Noticed Sigmund
  1614 | D:2      | Gained mutation: Your flesh is heat resistant. (rF+)
                  | [potion of mutation]
  1614 | D:2      | Gained mutation: You are frail. (-10% HP) [potion of
                  | mutation]
  1614 | D:2      | Lost mutation: You are frail. (-10% HP) [potion of
                  | mutation]
  1624 | D:2      | Killed Sigmund
  1624 | D:2      | Reached skill level 6 in Earth Magic
  1624 | D:2      | Reached XP level 4. HP: 22/24 MP: 2/10
  1624 | D:2      | Reached XP level 5. HP: 26/28 MP: 2/11
  2388 | D:3      | Reached XP level 6. HP: 22/32 MP: 9/12
  2541 | D:3      | Learned a level 2 spell: Passwall
  2545 | D:3      | Learned a level 3 spell: Stone Arrow
  2550 | D:3      | Learned a level 4 spell: Petrify
  2580 | D:3      | Noticed Natasha
  2587 | D:3      | Killed Natasha
  2642 | D:3      | Noticed Terence
  2650 | D:3      | HP: 1/33 [adder (2)]
  2651 | D:3      | Slain by a gnoll

Illustrated notes

Levels and vault maps discovered:
D:1:      psy_arrival_conway, layout_basic
D:2:      layout_basic, elyvilon_altar_5, st_stairs_10, uniq_sigmund
D:3:      layout_basic, grunt_ministairs_9, uniq_natasha, uniq_jessica,
          uniq_terence

Skill      XL: |  1  2  3 |
---------------+----------+-----
Earth Magic    | 4 6 |  6.2
Spellcasting   | 4 |  4.2
Fighting       | |  0.5
Armour         | |  0.5
Dodging        | |  1.5
Stealth        | |  2.1
Shields        | |  0.2
Transmutations | |  0.7

Action                   |  1- 3 |  4- 6 || total
-------------------------+-------+-------++-------
Melee: Unarmed           |    48 |    40 ||    88
       Whip              |       |     3 ||     3
 Cast: Sandblast         |    35 |    13 ||    48
       Stone Arrow       |       |     4 ||     4
       Passwall          |       |     1 ||     1
  Use: Scroll            |     2 |     5 ||     7
       Potion            |     1 |       ||     1
Armor: Robe              |    29 |    21 ||    50
Dodge: Dodged            |    64 |    42 ||   106

Table legend: (Time is in decaauts)
 A = Elapsed time spent in this place.
 B = Non-inter-level travel time spent in this place.
 C = Inter-level travel time spent in this place.
 D = Time resting spent in this place.
 E = Time spent auto-exploring this place.
 F = Levels seen in this place.
 G = Mean time per level.
                   A        B        C        D        E       F      G
               +--------+--------+--------+--------+--------+-----+--------+
         Total |   2653 |   2563 |     90 |     26 |   2145 |   3 |  884.3 |
       Dungeon |   2653 |   2563 |     90 |     26 |   2145 |   3 |  884.3 |
               +--------+--------+--------+--------+--------+-----+--------+

Top non-repeatable levels by time:
     D:2: 1372 daAuts
     D:1: 930 daAuts
     D:3: 350 daAuts
